 Dungeon Crawl Stone Soup version 0.31-a0-1620-gcbf77bb (webtiles) character file.

Game seed: 11901439272952619997

29559 PublicAnimeNo1 the Grappler (level 13, -22/103 HPs)
             Began as a Demonspawn Shapeshifter on Jan 11, 2024.
             Was a High Priest of Makhleb.
             Killed by an exploding elephant (45 damage)
             ... ignited by their inner flame
             ... on level 4 of the Lair of Beasts.
             The game lasted 00:23:04 (12346 turns).

PublicAnimeNo1 the Grappler (DsSh)                 Turns: 12346, Time: 00:23:05

Health: -22/103    AC: 20    Str: 18    XL:     13   Next: 15%
Magic:  21/21      EV: 10    Int: 11    God:    Makhleb [*****.]
Gold:   761        SH:  0    Dex: 17    Spells: 12/12 levels left

rFire   . .          .
                       - Unarmed
rCold   . . .        (no shield)
rNeg    + . .        q - +7 chain mail of Nixoop Payj {rN+ Dex+3 SInv}
rPois   .            (helmet currently unavailable)
rElec   .            (cloak currently unavailable)
rCorr   .            (gloves currently unavailable)
SInv    +            (boots currently unavailable)
Will    +....        (no amulet) Stlth
                     a - ring of willpower
HPRegen 0.37/turn    B - ring of flight
MPRegen 0.17/turn

%: no passive effects
@: beast-form, frozen, flying, slowed, very slow
A: beast (slay +4), ignite blood 2, spiny 1, sharp scales 2, demonic touch 2
a: Begin Untransformation, Renounce Religion, Minor Destruction, Lesser Servant
of Makhleb, Major Destruction, Greater Servant of Makhleb


You were on level 4 of the Lair of Beasts.
You worshipped Makhleb.
Makhleb was extremely pleased with you.
You were a hulking beast.
You visited 2 branches of the dungeon, and saw 14 of its levels.

You collected 761 gold pieces.

Inventory:

Missiles
 n - 24 poisoned darts
Armour
 k - a +0 cloak
 l - a +2 helmet
 m - a +1 helmet
 q - the +7 chain mail of Nixoop Payj (worn) {rN+ Dex+3 SInv}
   (You found it on level 3 of the Dungeon)

   Dex+3:     It affects your dexterity (+3).
   rN+:       It protects you from negative energy.
   SInv:      It lets you see invisible.
 I - a +0 pair of boots
Jewellery
 a - a ring of willpower (left hand)
 B - a ring of flight (right hand)
 E - a ring of wizardry
Talismans
 c - a beast talisman
 d - a flux talisman
Wands
 b - a wand of flame (28)
 s - a wand of charming (23)
 z - a wand of quicksilver (4)
 D - a wand of mindburst (12)
 F - a wand of digging (1)
Scrolls
 f - 2 scrolls of blinking
 j - a scroll of vulnerability
 p - 5 scrolls of teleportation
 r - 3 scrolls of revelation
 t - 4 scrolls of enchant armour
 v - 7 scrolls of fog
 w - 3 scrolls of enchant weapon
 y - 3 scrolls of immolation
Potions
 e - a potion of haste
 g - a potion of ambrosia
 h - 5 potions of attraction
 i - 2 potions of curing
 o - 2 potions of cancellation
 u - a potion of brilliance {unknown}
 x - 3 potions of mutation
 A - a potion of enlightenment
 C - a potion of berserk rage
 G - a potion of resistance
 H - a potion of might {unknown}


   Skills:
 + Level 10.0 Fighting
 + Level 8.6 Armour
 - Level 5.0 Dodging
 - Level 2.4 Stealth
 + Level 13.6 Unarmed Combat
 + Level 10.8 Invocations
 + Level 3.1 Evocations
 + Level 8.6 Shapeshifting


You had 12 spell levels left.
You didn't know any spells.
Your spell library contained the following spells:

 Spells                   Type           Power      Damage    Failure   Level
 Foxfire                  Conj/Fire      0%         2x1d4     94%         1
 Sandblast                Erth           0%         2d4       94%         1
 Slow                     Hex            0%         N/A       94%         1
 Call Canine Familiar     Summ           0%         N/A       100%        3
 Confusing Touch          Hex            0%         N/A       100%        3
 Dazzling Flash           Conj/Hex       0%         N/A       100%        3
 Sigil of Binding         Hex            0%         N/A       100%        3
 Summon Ice Beast         Ice/Summ       0%         N/A       100%        3
 Tukima's Dance           Hex            0%         N/A       100%        3
 Vampiric Draining        Necr           0%         2d6       100%        3
 Volatile Blastmotes      Fire/Tloc      0%         2d10      100%        3
 Brom's Barrelling Bould  Conj/Erth      0%         2d3       100%        4
 Dimensional Bullseye     Hex/Tloc       0%         N/A       100%        4
 Passage of Golubria      Tloc           0%         N/A       100%        4
 Summon Mana Viper        Hex/Summ       0%         N/A       100%        5
 Yara's Violent Unravell  Hex/Alch       0%         3d3       100%        5
 Plasma Beam              Fire/Air       0%         2x1d10    100%        6
 Starburst                Conj/Fire      0%         6d3       100%        6
 Monstrous Menagerie      Summ           0%         N/A       100%        7
 Maxwell's Capacitive Co  Air            0%         ∞         100%        8
 Chain Lightning          Conj/Air       0%         N/A       100%        9


Dungeon Overview and Level Annotations

Branches:
Dungeon (10/15)            Temple (0/1) D:5            Lair (4/5) D:10
 Shoals (0/4) Lair:2       Spider (0/4) Lair:2
  Slime: Lair:4-5       Orc: D:9-12

Altars:
Ashenzari
Dithmenos
Gozag
Makhleb
Vehumet
Yredelemnul

Shops:
D:4 =

Annotations:
D:6 Jeremiah
Lair:1 1 runed translucent door


Innate Abilities, Weirdness & Mutations

You are a hulking beast.
Your limbs bulge with bestial killing power. (Slay +4)
Your demonic aura often causes spilled blood to erupt in flames.
You are partially covered in sharp spines.
You are mostly covered in razor-sharp scales. (AC +2, Slay +2)
Your touch may inflict irresistible damage on your foes.


Message History

Flame seeps out of the elephant.
The rime drake is engulfed in blazing flames.
Flame seeps out of the rime drake.
The death yak is engulfed in blazing flames.
Flame seeps out of the death yak.
The elephant is engulfed in blazing flames.
Flame seeps out of the elephant.
The elephant attacks as it pursues you! The elephant is struck by your spines.
Flame seeps out of the elephant.
The elephant tramples you but does no damage.
The elephant barely misses you.
The rime drake is engulfed in blazing flames.
Flame seeps out of the rime drake.
The rime drake breathes ice at you. The icy flash freeze hits you!
You are encased in ice.
The death yak is engulfed in blazing flames.
Flame seeps out of the death yak.
The elephant is engulfed in blazing flames.
Flame seeps out of the elephant.
The elephant is struck by your spines.
Flame seeps out of the elephant.
The elephant tramples you but does no damage.
The elephant closely misses you.
The rime drake is engulfed in blazing flames.
Makhleb accepts your kill.
The rime drake explodes!
The fiery explosion engulfs the elephant!
Flame seeps out of the elephant.
The elephant is almost dead.
The fiery explosion engulfs you!
* * * LOW HITPOINT WARNING * * *
The death yak is engulfed in blazing flames.
Flame seeps out of the death yak.
The elephant is engulfed in blazing flames.
Makhleb accepts your kill.
The elephant explodes!
The fiery explosion engulfs the death yak!!!
Flame seeps out of the death yak.
The death yak is severely wounded.
The fiery explosion engulfs you!!!
You die...

#. ##.#. ..
.##...##.
.....°. ##
#§.w§Y# ##
#..##§8§8Y##..#
#...§§§°§§§Y°.#
#.§§§Y§§....
#.§§§§§rr..#
##§8h8§##..#
#......§§# #
#...°....°..
##..#...##.##
#...#.## .#
##^.... # #....
##...


You could see a death yak (inner flame), 3 elephants, a torpor snail (inner
flame) and 2 hell rats.

Vanquished Creatures
  Gastronok (D:8)
  Erica (D:10)
  A catoblepas (Lair:2)
  A boulder beetle (Lair:1)
  A death yak (Lair:1)
  Urug (D:10)
  Sonja (Lair:1)
  Pikel (D:6)
  Maurice (D:8)
  2 elephants
  A black mamba (Lair:2)
  7 cane toads
  3 rime drakes
  5 komodo dragons
  2 trolls (D:10)
  3 polar bears
  A burning bush (Lair:3)
  2 merfolk (Lair:2)
  Grinder (D:6)
  9 blink frogs
  6 dream sheep (Lair:3)
  35 yaks
  2 wyverns
  Grum (D:8)
  3 basilisks
  3 redbacks (Lair:2)
  2 steam dragons
  Menkaure (D:7)
  Edmund (D:6)
  An acid dragon (D:9)
  Duvessa (D:7)
  9 water moccasins
  Pargi (D:4)
  2 ice beasts
  3 orc warriors
  2 black bears
  2 centaurs
  An ogre (D:5)
  19 wolves
  2 lemures (D:5)
  A kobold brigand (D:9)
  Blork the orc (D:6)
  8 bullfrogs
  A gnoll sergeant (D:10)
  A water moccasin zombie (D:5)
  4 scorpions
  13 wights
  Dowan (D:7)
  9 killer bees
  9 howler monkeys
  A centaur zombie (D:5)
  2 jellies
  3 bombardier beetles
  4 orc priests
  4 hounds
  Jessica (D:3)
  A gnoll bouda (D:7)
  7 iguanas
  7 orc wizards
  Ijyb (D:3)
  4 hell rats (Lair:4)
  22 gnolls
  4 adders
  2 shadow imps (D:7)
  A white imp (D:5)
  4 ufetubi
  A ribbon worm (D:3)
  3 dart slugs
  19 orcs
  8 ball pythons
  8 bats
  6 endoplasms
  2 giant cockroaches
  5 goblins
  4 hobgoblins
  11 quokkas
  10 kobolds
  4 rats
339 creatures vanquished.

Vanquished Creatures (collateral kills)
  Nergalle (D:10)
  A merfolk siren (Lair:2)
  A merfolk (Lair:2)
  An orc (D:7)
4 creatures vanquished.

Grand Total: 343 creatures vanquished

Notes
Turn   | Place    | Note
-------+----------+-------------------------------------------
     0 | D:1      | PublicAnimeNo1 the Demonspawn Shapeshifter began the quest
                  | for the Orb.
     0 | D:1      | Reached XP level 1. HP: 15/15 MP: 1/1
   218 | D:1      | Gained mutation: Your touch may inflict minor irresistible
                  | damage on your foes. [demonic ancestry]
   218 | D:1      | Reached XP level 2. HP: 21/21 MP: 2/2
   439 | D:1      | Reached skill level 3 in Unarmed Combat
  1079 | D:2      | Gained mutation: Your touch may inflict irresistible damage
                  | on your foes. [demonic ancestry]
  1079 | D:2      | Reached XP level 3. HP: 20/27 MP: 3/3
  1589 | D:2      | Gained mutation: Your demonic aura sometimes causes spilled
                  | blood to erupt in flames. [demonic ancestry]
  1589 | D:2      | Reached XP level 4. HP: 34/34 MP: 4/4
  1826 | D:3      | Identified the +7 chain mail of Nixoop Payj {rN+ Dex+3
                  | SInv}
  1910 | D:3      | Noticed Ijyb
  1923 | D:3      | Killed Ijyb
  2018 | D:3      | Reached XP level 5. HP: 25/40 MP: 5/5
  2222 | D:3      | Noticed Jessica
  2230 | D:3      | Killed Jessica
  2231 | D:3      | Reached skill level 1 in Armour
  2362 | D:4      | Reached skill level 4 in Unarmed Combat
  2362 | D:4      | Reached XP level 6. HP: 43/47 MP: 6/6
  2690 | D:4      | Found Vikaqobo's Jewellery Boutique.
  2786 | D:4      | Noticed Pargi
  2802 | D:4      | Killed Pargi
  3150 | D:5      | Entered Level 5 of the Dungeon
  3161 | D:5      | Noticed a water moccasin
  3169 | D:5      | Killed a water moccasin
  3170 | D:5      | Gained mutation: You are partially covered in sharp spines.
                  | [demonic ancestry]
  3170 | D:5      | Reached XP level 7. HP: 54/54 MP: 7/7
  3252 | D:5      | Reached skill level 5 in Unarmed Combat
  3339 | D:5      | Gained mutation: You are partially covered in razor-sharp
                  | scales. (AC +1, Slay +1) [demonic ancestry]
  3339 | D:5      | Reached XP level 8. HP: 58/61 MP: 8/8
  3415 | D:5      | Found a burning altar of Makhleb.
  3428 | D:5      | Became a worshipper of Makhleb the Destroyer
  3467 | D:5      | Reached skill level 5 in Fighting
  3499 | D:5      | Found a staircase to the Ecumenical Temple.
  3505 | D:5      | Reached skill level 1 in Invocations
  3505 | D:5      | Reached skill level 5 in Shapeshifting
  3931 | D:5      | Found a basalt altar of Yredelemnul.
  4077 | D:6      | Noticed Pikel
  4110 | D:6      | Identified a scroll of acquirement
  4110 | D:6      | Acquired a manual of Unarmed Combat
  4134 | D:6      | Noticed Jeremiah
  4179 | D:6      | Noticed Edmund
  4196 | D:6      | Killed Edmund
  4201 | D:6      | Noticed Blork the orc
  4207 | D:6      | Found an opulent altar of Gozag.
  4223 | D:5      | Reached skill level 6 in Unarmed Combat
  4406 | D:6      | Killed Pikel
  4407 | D:6      | Gained mutation: You are mostly covered in razor-sharp
                  | scales. (AC +2, Slay +2) [demonic ancestry]
  4407 | D:6      | Reached XP level 9. HP: 69/69 MP: 10/12
  4511 | D:6      | Killed Blork the orc
  4577 | D:6      | Noticed Grinder
  4595 | D:6      | Killed Grinder
  4614 | D:6      | Reached * piety under Makhleb
  4615 | D:6      | Reached skill level 5 in Armour
  4713 | D:6      | Reached skill level 7 in Unarmed Combat
  4721 | D:7      | Reached skill level 5 in Invocations
  4735 | D:7      | Noticed Dowan
  4737 | D:7      | Noticed Menkaure
  4741 | D:7      | Noticed Duvessa
  4749 | D:7      | Killed Dowan
  4754 | D:7      | Killed Duvessa
  4757 | D:7      | Killed Menkaure
  4771 | D:7      | Reached ** piety under Makhleb
  5209 | D:7      | Gained mutation: Your demonic aura often causes spilled
                  | blood to erupt in flames. [demonic ancestry]
  5209 | D:7      | Reached XP level 10. HP: 66/79 MP: 14/14
  5213 | D:7      | Reached skill level 8 in Unarmed Combat
  5522 | D:8      | Noticed Gastronok
  5539 | D:8      | Killed Gastronok
  5690 | D:8      | Noticed Maurice
  5702 | D:8      | Maurice stole a ring of wizardry
  5704 | D:8      | Killed Maurice
  5705 | D:8      | Reached skill level 9 in Unarmed Combat
  6069 | D:8      | Found a shadowy altar of Dithmenos.
  6177 | D:8      | Noticed Grum
  6186 | D:8      | Killed Grum
  6450 | D:8      | Found a broken altar of Ashenzari.
  6454 | D:8      | Found a radiant altar of Vehumet.
  6819 | D:9      | Reached skill level 10 in Unarmed Combat
  7019 | D:9      | Reached *** piety under Makhleb
  7358 | D:10     | Entered Level 10 of the Dungeon
  7358 | D:10     | Noticed Urug
  7475 | D:10     | Killed Urug
  7476 | D:10     | Reached XP level 11. HP: 39/86 MP: 16/16
  7631 | D:10     | Found a staircase to the Lair.
  7632 | D:10     | Noticed Erica
  7648 | D:10     | Killed Erica
  8305 | D:10     | Noticed Nergalle
  8311 | D:10     | Reached skill level 11 in Unarmed Combat
  8313 | D:10     | Killed Nergalle
  8627 | Lair:1   | Entered Level 1 of the Lair of Beasts
  8676 | Lair:1   | Got the Spellbook of Puissant Oromancy
  8931 | Lair:1   | Noticed a boulder beetle
  9122 | Lair:1   | Reached skill level 12 in Unarmed Combat
  9123 | Lair:1   | Noticed a death yak
  9147 | Lair:1   | Killed a death yak
  9277 | Lair:1   | Killed a boulder beetle
  9278 | Lair:1   | Reached skill level 5 in Dodging
  9278 | Lair:1   | Reached XP level 12. HP: 69/94 MP: 18/18
  9506 | Lair:1   | Noticed a dire elephant
  9529 | Lair:1   | Found a runed translucent door.
  9626 | Lair:1   | Noticed Sonja
  9628 | Lair:1   | Killed Sonja
  9886 | Lair:2   | Reached skill level 1 in Stealth
  9919 | Lair:2   | Noticed a catoblepas
  9932 | Lair:2   | Killed a catoblepas
 10115 | Lair:2   | Reached **** piety under Makhleb
 10131 | Lair:2   | Reached skill level 13 in Unarmed Combat
 10686 | Lair:2   | Found a hole to the Spider Nest.
 10793 | Lair:2   | Found a staircase to the Shoals.
 10803 | Lair:2   | Reached skill level 10 in Invocations
 10812 | Lair:2   | Reached skill level 1 in Evocations
 11722 | Lair:3   | Reached XP level 13. HP: 103/103 MP: 20/20
 11753 | Lair:3   | Reached ***** piety under Makhleb
 12344 | Lair:4   | Reached skill level 10 in Fighting
 12346 | Lair:4   | Killed by an exploding elephant... ignited by their inner
                  | flame

Illustrated notes

Levels and vault maps discovered:
D:1:      minmay_arrival_four_houses, layout_basic
D:2:      layout_rooms, nicolae_kite_square_tiling_tiny, minmay_hedge_maze,
          uniq_crazy_yiuf_cottage
D:3:      layout_rooms, uniq_jessica, uniq_ijyb
D:4:      layout_loops_ring, serial_shops, nicolae_shop_just_a_little_nook,
          kennysheep_big_empty_room, uniq_pargi
D:5:      layout_rooms, mainiacjoe_overflow_24_doors,
          lemuel_zombie_altar_yredelemnul, temple_statues,
          chequers_serial_rivers_large_a, lemuel_flame_loot_1
D:6:      old_forge, layout_basic, mainiacjoe_overflow_cross_hatched,
          grunt_temple_overflow_growth_and_decay,
          nemelex_xobeh_ov_fountains_minmay, kennysheep_mini_moat,
          minmay_misc_feat_rows, uniq_blork_the_orc, uniq_edmund, uniq_jeremiah,
          uniq_pikel, uniq_grinder
D:7:      layout_rooms, kennysheep_generic_room_6, uniq_menkaure, uniq_duvessa
D:8:      layout_loops_cross, grunt_temple_overflow_diamond,
          grunt_dithmenos_smoke, uniq_maurice, uniq_gastronok, uniq_grum
D:9:      layout_long_grid
D:10:     layout_small_grid, dpeg_oklobed_lair, uniq_urug, uniq_nergalle,
          uniq_erica
Lair:1:   gammafunk_lair_enchanted_lake, layout_regular_city, serial_bayou,
          serial_bayou_lake_a, serial_bayou_lagoon_a, serial_bayou_shore_a,
          serial_bayou_pond_c, beast_lair_carwin_9, uniq_sonja
Lair:2:   layout_gridlike, elwin_shoals_entry_stream, spider_nest_entry_webs
Lair:3:   layout_hall_layers, evilmike_ambush [evilmike_ambush_outer_basic,
          evilmike_ambush_inner_pond]
Lair:4:   layout_big_grid, minmay_slime_entry_eyes, gauntlet_entry_generic,
          gammafunk_ghost_wrathful_warriors, grunt_megastairs_2

Skill      XL: |  1  2  3  4  5  6  7  8  9 10 11 12 13 |
---------------+----------------------------------------+-----
Unarmed Combat | 3 4 5 6 7 10 12 13 | 13.6
Shapeshifting  | 3 4 5 6 7 8 |  8.6
Fighting       | 2 3 4 6 7 8 9 10 | 10.0
Armour         | 1 2 3 4 5 6 7 8 |  8.6
Invocations    | 4 6 7 9 10 | 10.8
Dodging        | 3 5 |  5.0
Stealth        | 2 |  2.4
Evocations     | 2 3 |  3.1

Action                     |  1- 3 |  4- 6 |  7- 9 | 10-12 | 13-15 || total
---------------------------+-------+-------+-------+-------+-------++-------
  Melee: Unarmed           |    96 |   107 |   165 |   371 |    35 ||   774
         Touch             |     6 |    24 |    32 |    96 |     6 ||   164
         Punch             |     3 |     4 |    14 |    29 |     5 ||    55
  Throw: Dart              |    11 |     3 |       |       |       ||    14
 Invoke: Minor Destruction |       |       |     9 |    75 |       ||    84
         Lesser Servant of |       |       |       |     3 |       ||     3
  Evoke: Wand              |       |       |     1 |     2 |       ||     3
    Use: Scroll            |       |    11 |     3 |     7 |     2 ||    23
         Potion            |       |     1 |     5 |     3 |       ||     9
   Stab: Sleeping          |     2 |       |       |       |       ||     2
 Armour: Animal skin       |    49 |     2 |       |       |       ||    51
         Chain mail        |       |    97 |   156 |   233 |    34 ||   520
         Skin              |       |     5 |    30 |       |       ||    35
  Dodge: Dodged            |    44 |    30 |    78 |   124 |    22 ||   298

Table legend: (Time is in decaauts)
 A = Elapsed time spent in this place.
 B = Non-inter-level travel time spent in this place.
 C = Inter-level travel time spent in this place.
 D = Time resting spent in this place.
 E = Time spent auto-exploring this place.
 F = Levels seen in this place.
 G = Mean time per level.
                   A        B        C        D        E       F      G
               +--------+--------+--------+--------+--------+-----+--------+
         Total |  12252 |  11885 |    367 |   1205 |   8587 |  14 |  875.1 |
       Dungeon |   8584 |   8284 |    300 |    874 |   5851 |  10 |  858.4 |
          Lair |   3667 |   3601 |     66 |    331 |   2736 |   4 |  916.8 |
               +--------+--------+--------+--------+--------+-----+--------+

Top non-repeatable levels by time:
  Lair:2: 1260 daAuts
  Lair:1: 1223 daAuts
    D:10: 1203 daAuts
  Lair:3: 1175 daAuts
     D:5: 1107 daAuts
     D:8: 1028 daAuts
     D:1: 992 daAuts
     D:9: 844 daAuts
     D:7: 809 daAuts
     D:4: 792 daAuts
     D:2: 744 daAuts
     D:3: 608 daAuts
     D:6: 454 daAuts
  Lair:4: 7 daAuts
